3R
BALLARD BEAVERS @ HUDSONVILLE FLANDERSES
07/02/2034
 
TOP OF THE 1ST
Ballard Beavers batting - Pitching for Hudsonville Flanderses : RHP Leon Alfons
Pitching: RHP Leon Alfons
Batting: SHB Pedro Montoya 0-0: Ball
1-0: Ground out 4-3 (Groundball, 4MS)
Batting: SHB Lee Byrum 0-0: Called Strike
0-1: Ball
1-1: Ball
2-1: Ground out 4-3 (Groundball, 4)
Batting: LHB Clint Caldwell 0-0: Ball
1-0: Foul Ball, location: 2F
1-1: Foul Ball, location: 2F
1-2: Strikes out swinging
Top of the 1st over - 0 runs, 0 hits, 0 errors, 0 left on base; Ballard 0 - Hudsonville 0
BOTTOM OF THE 1ST
Hudsonville Flanderses batting - Pitching for Ballard Beavers : RHP Bert Hollingsworth
Pitching: RHP Bert Hollingsworth
Batting: RHB Juho Hovinen 0-0: Called Strike
0-1: Called Strike
0-2: Foul Ball, location: 2F
0-2: Ball
1-2: Ground out 5-3 (Groundball, 5S)
Batting: RHB Olkhovsky Gennadiyevich 0-0: Called Strike
0-1: Called Strike
0-2: Ball
1-2: Ball
2-2: Ball
3-2: Base on Balls
Batting: RHB Tora Tora 0-0: Ball
Olkhovsky Gennadiyevich steals 2nd base
1-0: Ball
2-0: Called Strike
2-1: Ball
3-1: Swinging Strike
3-2: Strikes out looking
Batting: RHB Nihad Boja 0-0: Ball
1-0: Swinging Strike
1-1: Ball
2-1: Foul Ball, location: 2F
2-2: Ball
3-2: Foul Ball, location: 2F
3-2: Ground out 1-3 (Groundball, 15)
Bottom of the 1st over - 0 runs, 0 hits, 0 errors, 1 left on base; Ballard 0 - Hudsonville 0
TOP OF THE 2ND
Ballard Beavers batting - Pitching for Hudsonville Flanderses : RHP Leon Alfons
Batting: LHB Armando Cedeño 0-0: Ball
1-0: Ball
2-0: Foul Ball, location: 2F
2-1: Ground out 4-3 (Groundball, 4)
Batting: RHB Juan Jose Guerrero 0-0: Swinging Strike
0-1: Foul Ball, location: 2F
0-2: Foul Ball, location: 2F
0-2: Ball
1-2: Strikes out swinging
Batting: RHB Evegnii Wolfson 0-0: Called Strike
0-1: Foul Ball, location: 2F
0-2: Strikes out looking
Top of the 2nd over - 0 runs, 0 hits, 0 errors, 0 left on base; Ballard 0 - Hudsonville 0
BOTTOM OF THE 2ND
Hudsonville Flanderses batting - Pitching for Ballard Beavers : RHP Bert Hollingsworth
Batting: RHB Dan Kennedy 0-0: Ball
1-0: SINGLE (Groundball, 23) (infield hit)
Batting: RHB Nicodemo Nardone 0-0: Called Strike
0-1: Called Strike
0-2: Ball
1-2: Ball
2-2: Ball
3-2: Base on Balls
Dan Kennedy to second
Batting: LHB Juan Fuentes 0-0: SINGLE (Groundball, 4MD)
Dan Kennedy to third
Nicodemo Nardone to second
Runner from 3rd tries for Home, throw and OUT!
Batting: RHB Raúl Colomo 0-0: SINGLE (Groundball, 6MD)
Nicodemo Nardone to third
Juan Fuentes to second
Runner from 3rd tries for Home, SAFE, no throw
Batting: RHB Jasper Humphrey 0-0: DOUBLE (Groundball, 3L)
Juan Fuentes scores
Raúl Colomo to third
Runner from 3rd tries for Home, SAFE, no throw
Batting: RHB Juho Hovinen 0-0: SINGLE (Groundball, 6MD)
Jasper Humphrey to third
Runner from 3rd tries for Home, SAFE, no throw
Batting: RHB Olkhovsky Gennadiyevich 0-0: Ball
1-0: Called Strike
1-1: Foul Ball, location: 2F
1-2: Strikes out swinging
Batting: RHB Tora Tora 0-0: Ball
1-0: Called Strike
1-1: Called Strike
1-2: Ball
2-2: Strikes out swinging
Bottom of the 2nd over - 4 runs, 5 hits, 0 errors, 1 left on base; Ballard 0 - Hudsonville 4
TOP OF THE 3RD
Ballard Beavers batting - Pitching for Hudsonville Flanderses : RHP Leon Alfons
Batting: SHB Rafael Bregonzi 0-0: Foul Ball, location: 2F
0-1: Ball
1-1: Ball
2-1: Ball
3-1: Base on Balls
Batting: RHB José Hernández 0-0: Called Strike
0-1: Ball
1-1: Ball
Wild Pitch!
Rafael Bregonzi to second
2-1: Foul Ball, location: 2F
2-2: Foul Ball, location: 2F
2-2: Strikes out swinging
Batting: RHB Sebastian Franke 0-0: Called Strike
0-1: Swinging Strike
0-2: Ball
1-2: Strikes out looking
Batting: SHB Pedro Montoya 0-0: Called Strike
0-1: Ball
1-1: SINGLE (Groundball, 3) (infield hit)
Rafael Bregonzi to third
Batting: SHB Lee Byrum 0-0: Ball
1-0: Ball
2-0: Foul Ball, location: 2F
2-1: Foul Ball, location: 2F
2-2: Strikes out swinging
Top of the 3rd over - 0 runs, 1 hit, 0 errors, 2 left on base; Ballard 0 - Hudsonville 4
BOTTOM OF THE 3RD
Hudsonville Flanderses batting - Pitching for Ballard Beavers : RHP Bert Hollingsworth
Batting: RHB Nihad Boja 0-0: Foul Ball, location: 2F
0-1: Ball
1-1: SINGLE (Line Drive, 89S)
Batting: RHB Dan Kennedy 0-0: Ball
1-0: Called Strike
1-1: Called Strike
Nihad Boja is caught stealing 2nd base
1-2: Fly out, F7 (Flyball, 78M)
Batting: RHB Nicodemo Nardone 0-0: Ball
1-0: Swinging Strike
1-1: Called Strike
1-2: Ball
2-2: Ball
3-2: Foul Ball, location: 2F
3-2: Strikes out looking
Bottom of the 3rd over - 0 runs, 1 hit, 0 errors, 0 left on base; Ballard 0 - Hudsonville 4
TOP OF THE 4TH
Ballard Beavers batting - Pitching for Hudsonville Flanderses : RHP Leon Alfons
Batting: LHB Clint Caldwell 0-0: Called Strike
0-1: Called Strike
0-2: Strikes out swinging
Batting: LHB Armando Cedeño 0-0: Called Strike
0-1: Ball
1-1: Ball
2-1: Called Strike
2-2: Ball
3-2: Foul Ball, location: 2F
3-2: Strikes out looking
Batting: RHB Juan Jose Guerrero 0-0: SOLO HOME RUN (Flyball, 89XD), Distance : 396 ft
Batting: RHB Evegnii Wolfson 0-0: Ball
1-0: Ground out 5-3 (Groundball, 56S)
Top of the 4th over - 1 run, 1 hit, 0 errors, 0 left on base; Ballard 1 - Hudsonville 4
BOTTOM OF THE 4TH
Hudsonville Flanderses batting - Pitching for Ballard Beavers : RHP Bert Hollingsworth
Batting: LHB Juan Fuentes 0-0: Ball
1-0: Called Strike
1-1: Foul Ball, location: 2F
1-2: Fly out, F6 (Popup, 56)
Batting: RHB Raúl Colomo 0-0: Ball
1-0: Fly out, F8 (Line Drive, 78M)
Batting: RHB Jasper Humphrey 0-0: Swinging Strike
0-1: Called Strike
0-2: Strikes out swinging
Bottom of the 4th over - 0 runs, 0 hits, 0 errors, 0 left on base; Ballard 1 - Hudsonville 4
TOP OF THE 5TH
Ballard Beavers batting - Pitching for Hudsonville Flanderses : RHP Leon Alfons
Batting: SHB Rafael Bregonzi 0-0: Called Strike
0-1: Foul Ball, location: 2F
0-2: Hit by Pitch
Batting: RHB José Hernández 0-0: Ball
1-0: SINGLE (Groundball, 4) (infield hit)
Rafael Bregonzi to second
Batting: RHB Sebastian Franke 0-0: Ball
1-0: Swinging Strike
1-1: Ball
2-1: Foul Ball, location: 2F
2-2: Ball
3-2: Strikes out swinging
Batting: SHB Pedro Montoya 0-0: Called Strike
0-1: Foul Ball, location: 2F
0-2: Ball
1-2: Strikes out swinging
Batting: SHB Lee Byrum 0-0: Ball
1-0: Fly out, F7 (Flyball, 78D)
Top of the 5th over - 0 runs, 1 hit, 0 errors, 2 left on base; Ballard 1 - Hudsonville 4
BOTTOM OF THE 5TH
Hudsonville Flanderses batting - Pitching for Ballard Beavers : RHP Bert Hollingsworth
Batting: RHB Juho Hovinen 0-0: Ball
1-0: Ball
2-0: Called Strike
2-1: Swinging Strike
2-2: Foul Ball, location: 2F
2-2: Foul Ball, location: 2F
2-2: Ground out 5-3 (Groundball, 56S)
Batting: RHB Olkhovsky Gennadiyevich 0-0: Called Strike
0-1: Ball
1-1: Ball
2-1: Ball
3-1: Swinging Strike
3-2: Strikes out looking
Batting: RHB Tora Tora 0-0: Fly out, F6 (Popup, 6)
Bottom of the 5th over - 0 runs, 0 hits, 0 errors, 0 left on base; Ballard 1 - Hudsonville 4
TOP OF THE 6TH
Ballard Beavers batting - Pitching for Hudsonville Flanderses : RHP Leon Alfons
Batting: LHB Clint Caldwell 0-0: Ball
1-0: Foul Ball, location: 2F
1-1: DOUBLE (Groundball, 3L)
Batting: LHB Armando Cedeño 0-0: Called Strike
0-1: Foul Ball, location: 2F
0-2: Ball
Wild Pitch!
Clint Caldwell to third
1-2: Ball
2-2: Ground out U3 (Groundball, 3)
Pitching: RHP Xiu-tou Song
Batting: RHB Juan Jose Guerrero 0-0: SINGLE (Line Drive, 34)
Clint Caldwell scores
Batting: RHB Evegnii Wolfson 0-0: Foul Ball, location: 2F
0-1: Called Strike
0-2: Strikes out looking
Batting: SHB Rafael Bregonzi 0-0: Ball
1-0: Ball
2-0: Ball
3-0: Called Strike
3-1: Base on Balls
Juan Jose Guerrero to second
Batting: RHB José Hernández 0-0: Called Strike
0-1: Swinging Strike
0-2: Ball
1-2: Ground out 4-3 (Groundball, 4MS)
Top of the 6th over - 1 run, 2 hits, 0 errors, 2 left on base; Ballard 2 - Hudsonville 4
BOTTOM OF THE 6TH
Hudsonville Flanderses batting - Pitching for Ballard Beavers : RHP Bert Hollingsworth
Batting: RHB Nihad Boja 0-0: Ball
1-0: Called Strike
1-1: Ball
2-1: Foul Ball, location: 2F
2-2: Ball
3-2: Fly out, F9 (Flyball, 9LMF)
Batting: RHB Dan Kennedy 0-0: Ball
1-0: Called Strike
1-1: Fly out, F6 (Line Drive, 6)
Batting: RHB Nicodemo Nardone 0-0: Ball
1-0: Ball
2-0: Ball
3-0: Base on Balls
Pitching: RHP Vas Atepko
Batting: LHB Juan Fuentes 0-0: Called Strike
0-1: Ball
1-1: SINGLE (Groundball, 4D)
Nicodemo Nardone to second
Runner from 2nd tries for 3rd, SAFE, no throw
Batting: RHB Raúl Colomo 0-0: Ball
1-0: 3-RUN HOME RUN (Flyball, 7D), Distance : 397 ft
Pitching: LHP Jorge Moreno
Batting: RHB Jasper Humphrey 0-0: Ball
1-0: SINGLE (Groundball, 6MS) (infield hit)
Batting: RHB Juho Hovinen Pickoff Throw to First - Out!
Bottom of the 6th over - 3 runs, 3 hits, 0 errors, 0 left on base; Ballard 2 - Hudsonville 7
TOP OF THE 7TH
Ballard Beavers batting - Pitching for Hudsonville Flanderses : RHP Xiu-tou Song
Batting: RHB Sebastian Franke 0-0: Ball
1-0: Called Strike
1-1: Foul Ball, location: 2F
1-2: Strikes out swinging
Batting: SHB Pedro Montoya 0-0: Ball
1-0: Called Strike
1-1: Foul Ball, location: 2F
1-2: Fly out, F9 (Flyball, 9)
Batting: SHB Lee Byrum 0-0: Foul Ball, location: 2F
0-1: Ground out U3 (Groundball, 34D)
Top of the 7th over - 0 runs, 0 hits, 0 errors, 0 left on base; Ballard 2 - Hudsonville 7
BOTTOM OF THE 7TH
Hudsonville Flanderses batting - Pitching for Ballard Beavers : LHP Jorge Moreno
Batting: RHB Juho Hovinen 0-0: Called Strike
0-1: Foul Ball, location: 2F
0-2: SINGLE (Line Drive, 6MD)
Batting: RHB Olkhovsky Gennadiyevich 0-0: Swinging Strike
0-1: Swinging Strike
0-2: Ball
1-2: Ball
2-2: Foul Ball, location: 2F
2-2: Ball
3-2: Fly out, F7 (Flyball, 7LMF)
Batting: RHB Tora Tora 0-0: Ball
1-0: Called Strike
1-1: Called Strike
1-2: Fly out, F8 (Line Drive, 78D)
Batting: RHB Nihad Boja 0-0: Ball
1-0: 2-RUN HOME RUN (Flyball, 7LD), Distance : 381 ft
Batting: RHB Dan Kennedy 0-0: Ball
1-0: Foul Ball, location: 2F
1-1: Foul Ball, location: 2F
1-2: Foul Ball, location: 2F
1-2: Ball
2-2: Foul Ball, location: 2F
2-2: Ball
3-2: Base on Balls
Batting: RHB Nicodemo Nardone 0-0: Ball
1-0: Foul Ball, location: 2F
1-1: Foul Ball, location: 2F
1-2: Ball
2-2: Foul Ball, location: 2F
2-2: Foul Ball, location: 2F
2-2: Foul Ball, location: 2F
2-2: Foul Ball, location: 2F
2-2: Fielders Choice at 2nd, 6-4 (Groundball, 6)
Bottom of the 7th over - 2 runs, 2 hits, 0 errors, 1 left on base; Ballard 2 - Hudsonville 9
TOP OF THE 8TH
Ballard Beavers batting - Pitching for Hudsonville Flanderses : RHP Xiu-tou Song
Batting: LHB Clint Caldwell 0-0: Ball
1-0: Called Strike
1-1: Swinging Strike
1-2: Strikes out looking
Batting: LHB Armando Cedeño 0-0: Ball
1-0: Ground out U3 (Groundball, 34S)
Batting: RHB Juan Jose Guerrero 0-0: Called Strike
0-1: Ball
1-1: Swinging Strike
1-2: Strikes out swinging
Top of the 8th over - 0 runs, 0 hits, 0 errors, 0 left on base; Ballard 2 - Hudsonville 9
BOTTOM OF THE 8TH
Hudsonville Flanderses batting - Pitching for Ballard Beavers : LHP Jorge Moreno
Pinch Hitting: LHB Carlos Castro 0-0: Foul Ball, location: 2F
0-1: Ball
1-1: Ball
2-1: Swinging Strike
2-2: Ball
3-2: Ground out 6-3 (Groundball, 6S)
Batting: RHB Raúl Colomo 0-0: Swinging Strike
0-1: Ball
1-1: Ball
2-1: Foul Ball, location: 2F
2-2: Strikes out looking
Batting: RHB Jasper Humphrey 0-0: Called Strike
0-1: Ball
1-1: Ground out 6-3 (Groundball, 6)
Bottom of the 8th over - 0 runs, 0 hits, 0 errors, 0 left on base; Ballard 2 - Hudsonville 9
TOP OF THE 9TH
Ballard Beavers batting - Pitching for Hudsonville Flanderses : RHP Xiu-tou Song
Now at 1B: Carlos Castro
Batting: RHB Evegnii Wolfson 0-0: Called Strike
0-1: Ball
1-1: Foul Ball, location: 2F
1-2: Ball
2-2: Ball
3-2: Fly out, F9 (Flyball, 9D)
Batting: SHB Rafael Bregonzi 0-0: Ball
1-0: Reached on error, E3 (Groundball, 34)
Batting: RHB José Hernández 0-0: Ball
1-0: Fly out, F3 (Popup, 23F)
Batting: RHB Sebastian Franke 0-0: Ball
1-0: Fly out, F8 (Flyball, 8LD)
Top of the 9th over - 0 runs, 0 hits, 1 error, 1 left on base; Ballard 2 - Hudsonville 9
Friday, March 29th, 2019 - OOTP Baseball 18.8 Build 76